 Dungeon Crawl Stone Soup version 0.30-a0-711-gf4ac18a38d (webtiles) character file.

Game seed: 17137534180967484619

137 Darius099 the Shield-Bearer (level 5, -1/33 HPs)
             Began as a Gargoyle Fighter on Jan 23, 2023.
             Slain by an ogre
             ... wielding a +0 giant club
              (20 damage)
             ... on level 4 of the Dungeon.
             The game lasted 00:02:57 (2621 turns).

Darius099 the Shield-Bearer (Gargoyle Fighter)      Turns: 2621, Time: 00:02:57

Health: -1/33      AC: 12    Str: 19    XL:     5   Next: 20%
Magic:  5/5        EV:  8    Int:  9    God:
Gold:   139        SH:  8    Dex: 11    Spells: 4/4 levels left

rFire   . . .      SeeInvis .    a - +0 flail
rCold   . . .      Faith    .    e - +0 kite shield
rNeg    + . .      Spirit   .    b - +0 scale mail
rPois   ∞          Reflect  .    (no helmet)
rElec   +          Harm     .    (no cloak)
rCorr   .          Rampage  .    r - +0 pair of gloves
Will    .....                    (no boots) Stlth
                                 k - amulet of regeneration
HPRegen 1.05/turn                (no ring)
MPRegen 0.09/turn                (no ring)

@: no status effects
A: sickness immunity, AC +4, negative energy resistance 1, electricity
resistance, torment resistance 1, petrification resistance
a: no special abilities


You were on level 4 of the Dungeon.
You visited 1 branch of the dungeon, and saw 4 of its levels.

You collected 139 gold pieces.

Inventory:

Hand Weapons
 a - a +0 flail (weapon)
 m - a +1 spear of flaming
Armour
 b - a +0 scale mail (worn)
 e - a +0 kite shield (worn)
 r - a +0 pair of gloves (worn)
Jewellery
 k - an amulet of regeneration (around neck)
Scrolls
 g - 3 scrolls of identify {unknown}
 h - 2 scrolls of noise {unknown}
 i - 2 scrolls of torment {unknown}
 n - a scroll of vulnerability {unknown}
 q - a scroll of poison {unknown}
Potions
 c - 2 potions of lignification {unknown}
 d - a potion of might
 f - 2 potions of attraction {unknown}
 j - a potion of curing {unknown}
 l - a potion of haste {unknown}
 o - 2 potions of degeneration {unknown}
 p - 2 potions of flight {unknown}
 s - a potion of mutation {unknown}


   Skills:
 + Level 4.2 Fighting
 + Level 3.1 Maces & Flails
 + Level 4.1 Armour
 + Level 0.3 Dodging
 + Level 4.2 Shields


You had 4 spell levels left.
You didn't know any spells.
Your spell library contained the following spells:

 Spells                   Type           Power      Damage    Failure   Level
 Summon Ice Beast         Ice/Summ       0%         N/A       100%        4
 Fireball                 Conj/Fire      0%         3d3       100%        5
 Iskenderun's Battlesphe  Conj           0%         2d6       100%        5
 Summon Mana Viper        Hex/Summ       0%         N/A       100%        5
 Conjure Ball Lightning   Conj/Air       0%         3x3d6     100%        6
 Monstrous Menagerie      Summ           0%         N/A       100%        7
 Orb of Destruction       Conj           0%         9d5       100%        7


Dungeon Overview and Level Annotations

Branches:
Dungeon (4/15)
 Temple: D:4-7

Altars:
Cheibriados
Makhleb
Uskayaw

Shops:
D:2 [


Innate Abilities, Weirdness & Mutations

You are immune to sickness and miasma.
Your stone body is resilient. (AC +4)
You are immune to poison.
You resist negative energy. (rN+)
You are resistant to electric shocks. (rElec)
You are resistant to unholy torment.
You are immune to petrification.


Message History

The iguana bites you but does no damage.
You sock the iguana!
You kill the iguana!
The ball python bites you but does no damage.
The ball python grabs you. The ball python constricts you.
You have reached level 5!
You closely miss the ball python.
The ball python bites you but does no damage.
The ball python constricts you. You block the ball python's attack.
The ball python constricts you.
You sock the ball python!
You kill the ball python!
You see here a ball python corpse.
Found 7 stones.
Found a hide-covered altar of Uskayaw.
An ogre comes into view. It is wielding a +0 giant club.
Found a chain mail.
The ogre shouts!
Found a spear.
An endoplasm comes into view.
The endoplasm quivers.
Found an escape hatch in the floor.
Things that are here:
a dart slug corpse; a hobgoblin corpse
Found a book of Scorching.
Found a scroll labelled QIUHANG CEVOAGG.
You see here a +0 club.
The ogre barely misses you.
You hit the ogre.
The ogre is moderately wounded.
The ogre hits you with a +0 giant club!
You hit the ogre.
The ogre is moderately wounded.
You block the ogre's attack.
The endoplasm hits you but does no damage.
You sock the ogre!
The ogre is almost dead.
The endoplasm hits you.
The ogre hits you with a +0 giant club!!
Ouch! That really hurt!
You die...

#...? ...#
#..... ...#
#....: ...
###..... ..
##...##.#### .
#####..........#
#### #...
#........#
...###.##
#.....)).#
...†....#
#....@...#
...##.J.#
#...OJ...#
..J...#.#
#.......<#
...####.#
##.##.#### ...#
#.####..##.#
####
#.J†...###.#
#####..# #.#
#..# ...
........


You could see an ogre and an endoplasm.

Vanquished Creatures
  An iguana (D:4)
  A mummy (D:3)
  An adder (D:2)
  7 dart slugs
  An orc (D:3)
  4 bats
  8 endoplasms
  5 giant cockroaches (D:2)
  6 goblins
  3 hobgoblins
  8 jackals
  2 quokkas (D:3)
  5 ball pythons
  3 frilled lizards (D:1)
  9 kobolds
  4 rats
68 creatures vanquished.

Notes
Turn   | Place    | Note
-------+----------+-------------------------------------------
     0 | D:1      | Darius099 the Gargoyle Fighter began the quest for the Orb.
     0 | D:1      | Reached XP level 1. HP: 14/14 MP: 1/1
   160 | D:1      | Reached XP level 2. HP: 18/19 MP: 2/2
   601 | D:1      | Reached XP level 3. HP: 19/23 MP: 3/3
  1250 | D:2      | Found a burning altar of Makhleb.
  1570 | D:2      | Found Laschoiq's Antique Armour Boutique.
  1682 | D:3      | Reached XP level 4. HP: 29/29 MP: 4/4
  1967 | D:3      | Found a snail-covered altar of Cheibriados.
  2587 | D:4      | Reached XP level 5. HP: 10/33 MP: 5/5
  2590 | D:4      | Found a hide-covered altar of Uskayaw.
  2591 | D:4      | Noticed an ogre
  2621 | D:4      | Slain by an ogre

Illustrated notes

Levels and vault maps discovered:
D:1:      eino_arrival_druids_welcome, layout_loops_cross, roderic_lattice_a
D:2:      layout_loops_corners, basic_altar, serial_forest,
          infiniplex_forest_clump_diagonal, infiniplex_forest_clump_tiny,
          infiniplex_forest_straight_2, infiniplex_forest_end_2,
          infiniplex_forest_corner_2, infiniplex_forest_lined_ring,
          infiniplex_forest_lined_room_2, infiniplex_forest_clump_C,
          infiniplex_forest_straight_3, serial_shops, nicolae_shop_trees,
          kennysheep_small_spiral
D:3:      layout_loops_ring, slow_altar_1
D:4:      layout_rooms, nicolae_uskayaw_dance_hall, tso_altar,
          minmay_temple_entry_fiery, serial_shops, shop, nicolae_square_shop,
          nicolae_shop_crystal, shop

Skill      XL: |  1  2  3  4 |
---------------+-------------+-----
Shields        | 4 |  4.2
Fighting       | 4 |  4.2
Armour         | 4 |  4.1
Maces & Flails | 3 |  3.1
Dodging        | |  0.3

Action                     |  1- 3 |  4- 6 || total
---------------------------+-------+-------++-------
  Melee: Flail             |   127 |   122 ||   249
 Armour: Scale mail        |    56 |   105 ||   161
  Dodge: Dodged            |    38 |    77 ||   115
  Block: Kite shield       |    57 |    99 ||   156

Table legend: (Time is in decaauts)
 A = Elapsed time spent in this place.
 B = Non-inter-level travel time spent in this place.
 C = Inter-level travel time spent in this place.
 D = Time resting spent in this place.
 E = Time spent auto-exploring this place.
 F = Levels seen in this place.
 G = Mean time per level.
                   A        B        C        D        E       F      G
               +--------+--------+--------+--------+--------+-----+--------+
         Total |   2731 |   2689 |     42 |    100 |   1815 |   4 |  682.8 |
       Dungeon |   2731 |   2689 |     42 |    100 |   1815 |   4 |  682.8 |
               +--------+--------+--------+--------+--------+-----+--------+

Top non-repeatable levels by time:
     D:2: 943 daAuts
     D:1: 905 daAuts
     D:3: 668 daAuts
     D:4: 214 daAuts
